 Dungeon Crawl Stone Soup version bcrawl-1.21.3 (webtiles) character file.

Game seed: 12592088589880276500

42 MisterOstroum the Insei (level 3, -1/28 HPs)
             Began as a Demonspawn Transmuter on Mar 25, 2020.
             Slain by Crazy Yiuf
             ... wielding a +2 quarterstaff of chaos
              (5 damage)
             ... on level 2 of the Dungeon.
             The game lasted 00:01:35 (1032 turns).

MisterOstroum the Insei (Demonspawn Transmuter)     Turns: 1032, Time: 00:01:36

Health: -1/28      AC:  2    Str: 11    XL:     3   Next: 35%
Magic:  6/6        EV: 12    Int: 14    God:
Gold:   55         SH:  0    Dex: 13    Spells: 5/6 levels left

rFire    . . .     SeeInvis .   h - +0 dagger (venom)
rCold    . . .     Gourm    .   (no shield)
rNeg     . . .     Faith    .   b - +0 robe
rPois    .         Spirit   .   (no helmet)
rElec    .         Reflect  .   (no cloak)
rCorr    .         Harm     .   (no gloves)
MR       .....     Rnd*Tele +   (no boots)
Stlth    +.........             (no amulet)
HPRegen  0.09/turn              j - ring of teleportation (curse)
MPRegen  0.10/turn              (no ring)

@: about to teleport, lightly drained
A: powered by death 1
a: no special abilities


You were on level 2 of the Dungeon.
You were hungry.

You visited 1 branch of the dungeon, and saw 2 of its levels.

You collected 55 gold pieces.

Inventory:

Hand Weapons
 h - a +0 dagger of venom (weapon)
Missiles
 a - 405 arrows
 f - 383 stones (quivered)
Armour
 b - a +0 robe (worn)
Jewellery
 j - a cursed ring of teleportation (left hand)
Scrolls
 i - a scroll of magic mapping {unknown}
 l - a scroll of remove curse {unknown}
 m - 2 scrolls of teleportation
 n - a scroll of identify {@r1}
Potions
 d - a potion of lignification {@q6}
 g - a potion of agility {@q5 !q}
 k - a potion of curing {@q1 !q}
Comestibles
 e - a ration {!d}


   Skills:
 * Level 2.6(2.3) Fighting
 - Level 1.7(1.4) Dodging
 - Level 2.8(2.5) Unarmed Combat
 - Level 2.0(1.7) Spellcasting
 + Level 2.4(2.1) Transmutations


You had 5 spell levels left.
You knew the following spells:

 Your Spells              Type           Power        Failure   Level  Hunger
a - Beastly Appendage     Tmut           #.....       11%         1    ##.....

Your spell library contained the following spells:

 Spells                   Type           Power        Failure   Level  Hunger
 Sticks to Snakes         Tmut           #.......     16%         2    ###....
 Spider Form              Tmut/Pois      #..          43%         3    ####...
 Ice Form                 Ice/Tmut       #.......     85%         4    #####..
 Blade Hands              Tmut           #.........   96%         5    ######.


Dungeon Overview and Level Annotations

Branches:
Dungeon (2/12)

Altars:
Dithmenos

Annotations:
D:2 1 runed door, Crazy Yiuf


Innate Abilities, Weirdness & Mutations

You regenerate a little health from kills.


Message History

There is a stone staircase leading up here.
An adder is nearby!
An adder is nearby!
The adder hisses angrily.
You miss the adder. The adder completely misses you.
You closely miss the adder. The adder barely misses you. The adder bites you.
You hit the adder but do no damage.
The adder is poisoned.
The adder bites you.
You closely miss the adder. The adder bites you.
You hit the adder.
The adder is moderately wounded.
The adder closely misses you.
You miss the adder.
The adder is moderately wounded.
The adder closely misses you. The adder barely misses you.
There is a stone staircase leading up here.
The adder barely misses you. The adder barely misses you.
You hit the adder but do no damage.
The adder looks more poisoned.
The adder is heavily wounded.
The adder bites you but does no damage.
You closely miss the adder.
The adder is heavily wounded.
The adder barely misses you. The adder bites you.
You are poisoned.
The adder poisons you!
You feel sick. The adder bites you.
You are more poisoned.
The adder poisons you!
You feel sick.
You kill the adder!
You feel sick.
You feel sick.
You feel sick.
You feel sick.
You feel sick.
You feel sick.
You feel sick.
You feel sick.
You are no longer poisoned.
Some of the chunks of flesh in your inventory have rotted away.
All of the chunks of flesh in your inventory have rotted away.
You are feeling hungry.
You are suddenly yanked towards a nearby monster!
Your surroundings suddenly seem different.
A kobold comes into view. It is wielding a +0 club.
A kobold is nearby!
A kobold is nearby!
The kobold throws a stone.
The stone hits you but does no damage.
The kobold throws a stone.
The stone barely misses you.
The kobold throws a stone.
The stone closely misses you. The kobold hits you with a +0 club.
You hit the kobold.
The kobold is moderately wounded.
You barely miss the kobold.
The kobold is moderately wounded.
The kobold hits you with a +0 club.
You are too injured to fight recklessly!
You are too injured to fight recklessly!
You are too injured to fight recklessly!
You are too injured to fight recklessly!
You are too injured to fight recklessly!
You are too injured to fight recklessly!
You are too injured to fight recklessly!
You are too injured to fight recklessly!
A kobold is nearby!
A kobold is nearby!
You closely miss the kobold.
The kobold is moderately wounded.
The kobold barely misses you.
You hit the kobold but do no damage.
The kobold is poisoned.
The kobold is moderately wounded.
The kobold completely misses you.
You hit the kobold.
You kill the kobold!
Things that are here:
a +0 club; a kobold corpse
As you read the scroll labeled TOIM BOCSEET, it crumbles to dust.
You feel strangely unstable.
It was a scroll of teleportation.
As you read the scroll labeled VEGUSA KUIFU, it crumbles to dust.
It is a scroll of identify.
g - a potion of agility
As you read the scroll of identify, it crumbles to dust.
k - a potion of curing Your surroundings suddenly seem different.
Crazy Yiuf the Enlightened comes into view.
He is wielding a +2 quarterstaff of chaos.
Crazy Yiuf shouts!
Crazy Yiuf hits you with a +2 quarterstaff of chaos.
You feel strangely unstable.
Found a runed mace.
Found a runed door.
You hit Crazy Yiuf but do no damage.
Crazy Yiuf is poisoned.
You hit Crazy Yiuf.
Crazy Yiuf looks more poisoned.
Crazy Yiuf is lightly wounded.
Crazy Yiuf says, "Citrus seventy cloud!"
Crazy Yiuf hits you with a +2 quarterstaff of chaos!
* * * LOW HITPOINT WARNING * * *
You feel drained.
* * * LOW HITPOINT WARNING * * *
Crazy Yiuf hits you with a +2 quarterstaff of chaos.
You die...

#####
#.g)#
#@..#
#...#
##+##


You could see Crazy Yiuf.

Vanquished Creatures
  An adder (D:2)
  A dart slug (D:1)
  A leopard gecko (D:1)
  2 giant cockroaches (D:1)
  4 hobgoblins (D:1)
  6 bats (D:1)
  7 goblins (D:1)
  3 kobolds
  5 rats (D:1)
30 creatures vanquished.

Notes
Turn   | Place    | Note
-------+----------+-------------------------------------------
     0 | D:1      | MisterOstroum the Demonspawn Transmuter began the quest for
                  | the Orb.
     0 | D:1      | Reached XP level 1. HP: 15/15 MP: 3/3
   210 | D:1      | Gained mutation: You regenerate a little health from kills.
                  | [demonic ancestry]
   210 | D:1      | Reached XP level 2. HP: 21/22 MP: 5/5
   661 | D:1      | Reached XP level 3. HP: 25/28 MP: 6/6
   850 | D:2      | Found a shadowy altar of Dithmenos.
  1029 | D:2      | Found a runed door.
  1029 | D:2      | Noticed Crazy Yiuf
  1032 | D:2      | Slain by Crazy Yiuf

Skill      XL: |  1  2 |
---------------+-------+-----
Fighting       | 2 |  2.6
Transmutations | 2 |  2.4
Dodging        | |  1.7
Unarmed Combat | |  2.8
Spellcasting   | |  2.0

Action                   || total
-------------------------++-------
Melee: Unarmed           ||    19
       Dagger            ||    80
 Cast: Beastly Appendage ||     3
  Use: Scroll            ||     3
 Stab: Sleeping          ||     1
Armor: Robe              ||    13
Dodge: Dodged            ||    60
